Bimbom, neutral male gnomish Healer ----- --------- |<..---- ------.......-- ------- --------------- |......--|.........--..| |.....| |.............| ..|....|..--------|..| |.(_..| --.---+--.----+- .........| ---- |.....| --- ---- |..|...|-.| -.|....| ---|--- +.-- |..---|..|--|-..--- --..|.. ... |.| |..| ---+-.....-|--........--+- |..|....|.....---- |.| |.--- --......|.................| -...............---.-- --.-.. |.......--..--------|--..-- |......---...........----- |..|.. |.e.{....|--- ....|..-- .... -----..........--|..|.. |-.h.....| *?%(/?|...| ... --...-.......--.|---|...|....| ------------...| .. --.....---...|.--..|..---...-|.(((| |.......-- .... ---..---....|.......@..--...-.(((| |.------ ...............|..........---.d.|...-|.(((| |.|... --.....`...--..|........|------ |.|...| --.......-----|...|.@.. -..-----.--|-- --...--- --..|..@--.....--......+ ----- -----.....---......{..| ------- ----------- Bimbom the Healer Experience level: 1 Strength: 11 Dexterity: 7 Constitution: 15 Intelligence: 11 Wisdom: 18 Charisma: 16 Health: 9(12) Energy: 5(5) Def: 2 Gold: 205 Moves: 2363 Dungeon seed [set]: Game ID: Bimbom_1692987662 Your Inventory: Coins $ - 205 gold pieces Weapons a - a blessed +0 scalpel (alternate weapon; not wielded) p - an uncursed +2 aklys (weapon in hand) Armor e - an uncursed +1 pair of leather gloves (being worn) Comestibles k - 6 blessed eucalyptus leaves l - 3 blessed sprigs of wolfsbane m - 3 blessed cloves of garlic o - 6 uncursed apples r - an uncursed food ration Spellbooks h - a blessed spellbook of healing i - a blessed spellbook of extra healing j - a blessed spellbook of stone to flesh Potions c - 3 uncursed potions of healing d - a blessed potion of healing f - 4 uncursed potions of extra healing Rings q - a blessed +1 ring of gain strength (on left hand) u - an uncursed ring of polymorph control Wands g - an uncursed wand of sleep (0:7) Tools b - an uncursed sack s - an uncursed stethoscope t - an uncursed bag of holding v - an uncursed tooled horn Gems n - an uncursed worthless piece of violet glass Contents of the sack: an uncursed muddy potion [of invisibility] Spells and supernatural/magical abilities: Name Level Category Fail Memory h - healing 1 healing 0% 89% x - extra healing 3 healing 91% 89% S - stone to flesh 3 healing 96% 89% W - pray for help -- divine ? -- Your skills at the end: Miscellaneous Skills wands [Basic] Weapon Skills knife [Basic] crossbow [Basic] Spellcasting Skills healing spells [Basic] Final Attributes: You were devoutly aligned. You were poison resistant. Your writing hand was ok. You had infravision. You were stealthy. You survived. Vanquished creatures: a fog cloud 2 puppies a floating eye a jitterbug a coyote a hobbit an acid blob 4 geckos 2 hobgoblins a giant rat 2 yellow molds a green mold 5 jackals a fox 5 newts a goblin 10 sewer rats 6 grid bugs a bat 2 lichens a kobold zombie 50 creatures vanquished. Voluntary challenges: You did not cause conflict. You were not invisible. You did not have reflection. You were not displaced. You donated to temples 2 times, starting on turn 2269. You did not receive divine protection from a temple. You used a wielded weapon 13 times, starting on turn 91. You did not apply a unicorn horn. You did not use plumbed fixtures. You did not drink any magical draughts. You read items or engraved 1 time, starting on turn 1547. You never genocided any monsters. You never polymorphed an object. You never changed form. You used no wishes. You did not use any artifacts. You never split a pudding. You wrote Elbereth's name 1 time, starting on turn 1547. You never violated your personal moral code. Dungeon overview: The Dungeons of Doom: levels 1 to 3 Level 1 a fountain, a sink a long staircase Level 2 a shop, an altar to Poseidon, a sink Level 3 a fountain stairs to The Gnomish Mines The Gnomish Mines: levels 4 to 6 Level 4 stairs to The Dungeons of Doom Level 5 Level 6 <- You were here some shops, a temple to Athena, a magic chest, some fountains History has recorded: On T:1 you entered the Dungeons of Doom to retrieve the Amulet of Yendor! On T:540 you reached level 2 of The Dungeons of Doom. On T:801 you prayed to Hermes. On T:988 you reached level 3 of The Dungeons of Doom. On T:1138 you reached level 1 of The Gnomish Mines. On T:1463 you reached level 2 of The Gnomish Mines. On T:1885 you reached level 3 of The Gnomish Mines. On T:2258 you entered the Minetown temple On T:2268 you opened a magic chest. Score breakdown: Gold: 0 ( 0 points) Experience: 1 level ( 0 points) Exploration: 6 levels ( 150 points) Discoveries: 2 items ( 100 points) Variety of kills: 21 monsters ( 1050 points) Major goal: reached Minetown ( 500 points) Survival: quit (score multiplied by 3) Total score: 5400 Latest messages: Hello Bimbom, the gnomish Healer, welcome back to NetHack! To quit the game, use the 'save' command (typically on 'S'). The bag of holding is empty. Final status: Goodbye Bimbom the Healer, quit... You quit in The Gnomish Mines on dungeon level 6 with 5250 points, and 205 pieces of gold, after 2363 moves. You were level 1 with a maximum of 12 hit points when you quit.